 Dungeon Crawl Stone Soup version 0.30-a0-331-g8ab09dc110 (webtiles) character file.

Game seed: 10875655207239596587

113597 night the Spry (level 17, -1/94 (112) HPs)
             Began as a Kobold Brigand on Oct 29, 2022.
             Was the Champion of Dithmenos.
             Killed from afar by an ironbound frostheart (6 damage)
             ... by creeping frost
             ... in an ice cave.
             The game lasted 01:23:45 (28843 turns).

night the Spry (Kobold Brigand)                    Turns: 28843, Time: 01:23:46

HP:   -1/94 (112)   AC: 14    Str:  9    XL:     17   Next: 18%
MP:   24/26         EV: 35    Int: 11    God:    Dithmenos [******]
Gold: 2242          SH: 18    Dex: 27    Spells: 28/28 levels left

rFire   + . .      SeeInvis +    a - +1 scimitar (protect)
rCold   + + +      Faith    .    I - +0 kite shield {rC+}
rNeg    + . .      Spirit   .    Y - +0 steam dragon scales
rPois   +          Reflect  +    (no helmet)
rElec   +          Harm     .    (no cloak)
rCorr   +          Rampage  .    h - +1 pair of gloves
Will    +....                    q - +2 pair of boots Stlth ****++++++
                                 V - amulet of reflection
HPRegen 0.35/turn                j - +4 ring of protection
MPRegen 0.20/turn                f - ring "Tixyoxin" {rC+ rN+}

@: resistant, wreathed by umbra, heavily drained
A: small, no large weapons, nightstalker 3, talons 1, see invisible, agile 1,
wild magic 1
a: Renounce Religion, Shadow Step, Shadow Form


You were in an ice cave.
You worshipped Dithmenos.
Dithmenos was exalted by your worship.
You visited 4 branches of the dungeon, and saw 23 of its levels.
You also visited: Sewer, Ossuary and Ice Cave.

You collected 2782 gold pieces.
You spent 540 gold pieces at shops.

Inventory:

Hand Weapons
 a - a +1 scimitar of protection (weapon)
 b - a +2 dagger
Missiles
 d - 32 poisoned darts (quivered)
 e - 8 curare-tipped darts
 g - 3 datura-tipped darts
 B - 11 boomerangs
 K - 4 atropa-tipped darts
 M - 3 throwing nets
Armour
 c - a +1 cloak
 h - a +1 pair of gloves (worn)
 l - a scarf of shadows
 q - a +2 pair of boots (worn)
 I - a +0 kite shield of cold resistance (worn)
 L - a +1 kite shield of poison resistance
 Y - +0 steam dragon scales (worn)
 Z - a +3 ring mail
Jewellery
 f - the ring "Tixyoxin" (right hand) {rC+ rN+}
   (You acquired it on level 1 of the Dungeon)

   [ring of protection from cold]

   rC:        It protects you from cold.
   rN:        It protects you from negative energy.
 j - a +4 ring of protection (left hand)
 C - a ring of willpower
 E - a +6 ring of dexterity
 J - a +4 ring of evasion
 Q - a +4 ring of evasion
 S - a +4 ring of protection
 V - an amulet of reflection (around neck)
Wands
 u - a wand of flame (42)
 w - a wand of polymorph (4)
 D - a wand of iceblast (2)
Scrolls
 r - 5 scrolls of poison
 v - 7 scrolls of teleportation
 F - 3 scrolls of magic mapping
 G - 8 scrolls of enchant weapon
 H - 2 scrolls of blinking
 O - 4 scrolls of amnesia
 U - 3 scrolls of vulnerability
 W - a scroll of silence
 X - 3 scrolls of immolation
Potions
 k - 8 potions of curing
 m - a potion of magic
 n - a potion of brilliance
 o - 6 potions of haste
 p - 2 potions of might
 t - 3 potions of flight
 z - 2 potions of resistance
 A - a potion of lignification
 N - a potion of attraction
Miscellaneous
 i - a condenser vane (inert)
 R - a phantom mirror (inert)


   Skills:
 + Level 14.9 Fighting
 - Level 4.6(12.0) Short Blades
 + Level 11.2(11.4) Long Blades
 - Level 7.0 Throwing
 * Level 19.7 Dodging
 - Level 14.4 Stealth
 - Level 7.4 Shields
 + Level 6.0 Spellcasting


You had 28 spell levels left.
You didn't know any spells.
Your spell library contained the following spells:

 Spells                   Type           Power      Damage    Failure   Level
 Magic Dart               Conj           16%        1d3       67%         1
 Blink                    Tloc           8%         N/A       80%         2
 Searing Ray              Conj           8%         2d4       80%         2
 Call Canine Familiar     Summ           4%         N/A       95%         3
 Gell's Gravitas          Tloc           4%         N/A       95%         3
 Ignite Poison            Fire/Tmut/Pois 4%         N/A       95%         3
 Lesser Beckoning         Tloc           8%         N/A       95%         3
 Portal Projectile        Hex/Tloc       8%         N/A       95%         3
 Teleport Other           Tloc           4%         N/A       95%         3
 Airstrike                Air            2%         2d(1-17)  100%        4
 Animate Dead             Necr           4%         N/A       100%        4
 Fulminant Prism          Conj/Hex       2%         3d5       100%        4
 Leda's Liquefaction      Hex/Erth       2%         N/A       100%        4
 Manifold Assault         Tloc           4%         N/A       100%        4
 Olgreb's Toxic Radiance  Pois           4%         N/A       100%        4
 Sticky Flame             Conj/Fire      4%         2d3       100%        4
 Summon Lightning Spire   Summ/Air       4%         N/A       100%        4
 Borgnjor's Vile Clutch   Necr/Erth      2%         N/A       100%        5
 Lee's Rapid Deconstruct  Erth           2%         3d4*      100%        5
 Lightning Bolt           Conj/Air       2%         1d13      100%        5
 Death Channel            Necr           2%         N/A       100%        6
 Dispersal                Tloc           2%         N/A       100%        6
 Statue Form              Tmut/Erth      2%         N/A       100%        6
 Ozocubu's Refrigeration  Ice            2%         4d7       100%        7
 Storm Form               Tmut/Air       2%         N/A       100%        7
 Ignition                 Fire           2%         3d3       100%        8


Dungeon Overview and Level Annotations

Branches:
Dungeon (15/15)            Temple (1/1) D:4            Lair (5/5) D:10
 Shoals (0/4) Lair:3       Spider (0/4) Lair:3        Slime (0/5) Lair:5
    Orc (2/2) D:12            Elf (0/3) Orc:2        Vaults (0/5) D:13
 Depths (0/4) D:15          Sewer (visited)         Ossuary (visited)
  IceCv (1/1)

Altars:
Ashenzari
Cheibriados
Dithmenos
Elyvilon
Fedhas
Gozag
Hepliaklqana
Kikubaaqudgha
Makhleb
Nemelex Xobeh
Okawaru
Qazlal
Ru
Sif Muna
Trog
Uskayaw
Vehumet
Wu Jian
Xom
Yredelemnul
Zin
The Shining One
Jiyva

Shops:
D:11 *   D:13 *   Orc:2 (=(?

Annotations:
Lair:3 2 transporters, exclusions: ice statue and oklob plant
Lair:4 exclusion: hydra
Lair:5 2 transporters


Innate Abilities, Weirdness & Mutations

You are small and have problems with some larger weapons.
You are completely attuned to the shadows.
You have sharp toenails.
You have supernaturally acute eyesight. (SInv)
You are agile. (Dex +4, Str/Int -1)
Your spells are a little harder to cast, but a little more powerful.


Message History

You feel protected.
The ironbound frostheart completely misses you.
The ironbound frostheart calls freezing cold from the walls.
The frost grips you. You resist.
* * * LOW HITPOINT WARNING * * *
The ironbound frostheart calls freezing cold from the walls.
The frost grips you. You resist.
* * * LOW HITPOINT WARNING * * *
You hear a screech!
You feel better. The ice encasing you melts away.
The ironbound frostheart barely misses you.
You block the ironbound frostheart's attack.
Clouds of flame condense around you!
The condenser dries out!
The ironbound frostheart is engulfed in blazing flames.
The ironbound frostheart completely misses you.
The ironbound frostheart is engulfed in blazing flames.
The ironbound frostheart touches you.
* * * LOW HITPOINT WARNING * * *
The ironbound frostheart freezes you. You resist.
* * * LOW HITPOINT WARNING * * *
The ironbound frostheart is engulfed in blazing flames.
You kill the ironbound frostheart!
Dithmenos accepts your kill.
Your Spellcasting skill increases to level 6!
You feel better.
The ironbound frostheart is engulfed in blazing flames.
You block the ironbound frostheart's attack.
The ironbound frostheart is engulfed in blazing flames.
You block the ironbound frostheart's attack.
You feel better.
The ironbound frostheart is engulfed in blazing flames.
The ironbound frostheart touches you!!
* * * LOW HITPOINT WARNING * * *
The ironbound frostheart freezes you. You resist.
* * * LOW HITPOINT WARNING * * *
The ironbound frostheart is engulfed in blazing flames.
The ironbound frostheart calls freezing cold from the walls.
The frost grips you. You resist.
You die...

.###..## ##..§§k§§#
.# ###p# #...k§§§p#
.###.#p###..##§§.§#
###....##pp####§§§#
#~##≈#....## #$$$$#
#~~#≈≈##p## #$$$|#
#≈≈≈≈≈~### ##§§§#
#≈≈≈≈≈~** #p§p#
#≈≈≈~~~~* ##@##
~§≈≈~~~~* ###
~~≈≈~~~~* ~#≈≈~~~**
###≈~~### # **###.#
# #...#### #
##..#.#.# ##
#.#.##..##


You could see 2 ironbound frosthearts.

Vanquished Creatures
  Gastronok (Lair:2)
  An orc warlord (Orc:2)
  A white draconian (IceCv)
  A fire dragon (Lair:5)
  8 vault guards (D:13)
  4 ogre magi (Orc:2)
  4 hydras
  A catoblepas (Lair:4)
  4 boulder beetles
  A centaur warrior (D:14)
  15 two-headed ogres
  4 ironbound frosthearts (IceCv)
  2 tengu warriors (D:13)
  7 death yaks (Lair:3)
  Nergalle (Lair:2)
  Sonja (D:13)
  5 skeletal warriors (D:14)
  A spriggan simulacrum (D:15)
  An orange crystal statue (IceCv)
  2 lindwurms (Lair:5)
  2 orc knights
  A deep elf pyromancer (D:11)
  21 ugly things
  2 oklob plants (D:10)
  7 cyclopes
  3 manticores
  9 elephants
  7 black mambas
  6 torpor snails
  11 cane toads
  A gargoyle (D:11)
  38 rime drakes
  2 kobold demonologists
  Maggie (D:8)
  An unseen horror (D:11)
  10 komodo dragons
  An anaconda simulacrum (D:15)
  A merfolk (Lair:3)
  23 polar bears
  A queen bee (shapeshifter) (D:13)
  5 hornets (Lair:5)
  3 tyrant leeches (Lair:5)
  10 trolls
  12 blink frogs
  Prince Ribbit (D:7)
  A slime creature (Lair:5)
  2 wyverns
  49 yaks
  3 wraiths
  A shadow (D:12)
  Eustachio (D:5)
  Grum (D:9)
  11 steam dragons
  4 basilisks
  3 wargs
  4 vampire mosquitoes (D:14)
  An acid dragon (Lair:5)
  24 water moccasins
  Duvessa (D:5)
  18 orc warriors
  A sky beast (D:8)
  2 swamp drakes (Lair:5)
  11 black bears
  35 ogres
  8 wolves
  7 centaurs
  A phantom (D:3)
  4 kobold brigands
  5 bullfrogs
  An earth elemental (D:11)
  A gnoll sergeant (D:6)
  3 necrophages
  5 scorpions
  Dowan (D:5)
  3 killer bees (D:9)
  3 electric eels
  2 howler monkeys
  4 centaur zombies (Ossuary)
  5 hounds
  3 gnoll boudas
  7 jellies
  12 orc priests
  An iron imp (D:8)
  7 iguanas
  15 orc wizards
  4 mummies (Ossuary)
  25 gnolls
  15 adders
  A shadow imp (D:5)
  A white imp (D:8)
  3 ufetubi
  2 worms
  4 dart slugs
  65 orcs
  8 ball pythons
  10 bats
  16 endoplasms
  7 giant cockroaches
  11 goblins
  6 hobgoblins
  7 jackals
  13 kobolds
  5 quokkas
  A frilled lizard (D:3)
  A goblin skeleton (D:8)
  6 hobgoblin zombies
  2 kobold zombies (D:8)
  An orc skeleton (D:8)
  7 rats
736 creatures vanquished.

Vanquished Creatures (collateral kills)
  A fire dragon (Lair:5)
  A hydra (Lair:4)
  A swamp dragon (Lair:5)
  A torpor snail (Lair:5)
  A rime drake (Lair:2)
  A komodo dragon (Lair:4)
  An ogre (D:5)
  A gnoll (D:9)
8 creatures vanquished.

Vanquished Creatures (others)
  2 hornets (Lair:5)
  A basilisk (Lair:2)
  An acid dragon (Lair:2)
  An iguana (Lair:5)
  A kobold (D:8)
  A bush (Lair:5)
  7 demonic plants (D:6)
  31 fungi
  53 plants
98 creatures vanquished.

Grand Total: 842 creatures vanquished

Notes
Turn   | Place    | Note
-------+----------+-------------------------------------------
     0 | D:1      | night the Kobold Brigand began the quest for the Orb.
     0 | D:1      | Reached XP level 1. HP: 12/12 MP: 1/1
   252 | D:1      | Reached XP level 2. HP: 6/18 MP: 2/2
   385 | D:1      | Identified a scroll of acquirement
   385 | D:1      | Acquired the ring "Tixyoxin" {rC+ rN+}
   532 | D:1      | Reached XP level 3. HP: 22/22 MP: 3/3
   870 | D:1      | Reached skill level 2 in Dodging
  1269 | D:2      | HP: 3/22 [gnoll/+0 flail (4)]
  1286 | D:1      | Reached XP level 4. HP: 22/27 MP: 4/4
  1675 | D:2      | Reached XP level 5. HP: 29/32 MP: 5/5
  1781 | D:3      | Noticed a phantom
  1805 | D:3      | Killed a phantom
  1806 | D:3      | Reached skill level 3 in Dodging
  1806 | D:3      | Reached XP level 6. HP: 31/37 MP: 6/6
  2335 | D:3      | Identified the +1 robe "Vemeal" {Int+3}
  2428 | D:3      | Found a hazy altar of Hepliaklqana.
  2571 | D:3      | Found a shadowy altar of Dithmenos.
  2589 | D:3      | Became a worshipper of Dithmenos the Shadowed
  2660 | D:3      | Found an opulent altar of Gozag.
  2955 | D:4      | Reached skill level 1 in Long Blades
  2989 | D:4      | Reached skill level 4 in Dodging
  2989 | D:4      | Reached XP level 7. HP: 39/43 MP: 7/7
  3021 | D:4      | Found a staircase to the Ecumenical Temple.
  3040 | Temple   | Entered the Ecumenical Temple
  3051 | Temple   | Noticed a tormentor
  3052 | Temple   | Noticed Evusu the pandemonium lord
  3053 | Temple   | Noticed Ryidiqim the pandemonium lord
  3055 | Temple   | Noticed a Hell Sentinel
  3090 | Temple   | Noticed Ampics the pandemonium lord
  3090 | Temple   | Noticed an ice devil
  3090 | Temple   | Noticed a Brimstone Fiend
  3106 | Temple   | Noticed a red devil
  3106 | Temple   | Noticed a smoke demon
  3110 | Temple   | Noticed a red devil
  3110 | Temple   | Noticed Emisu the pandemonium lord
  3122 | Temple   | Noticed a hell beast
  3123 | Temple   | Noticed Jydghol the pandemonium lord
  3187 | Temple   | Noticed Raar the pandemonium lord
  3187 | Temple   | Noticed a Tzitzimitl
  3187 | Temple   | Noticed an Executioner
  3209 | Temple   | Noticed a cacodemon
  3419 | D:4      | Reached * piety under Dithmenos
  3422 | D:4      | Found a glowing drain.
  3432 | Sewer    | Entered a sewer
  3505 | Sewer    | Noticed a water moccasin
  3522 | Sewer    | Killed a water moccasin
  3523 | Sewer    | HP: 5/44 [poisoned by a water moccasin]
  3771 | D:4      | Reached skill level 2 in Long Blades
  3933 | D:4      | Reached skill level 5 in Throwing
  3933 | D:4      | Reached XP level 8. HP: 43/48 MP: 8/8
  4178 | D:4      | Reached skill level 5 in Fighting
  4178 | D:4      | Reached skill level 5 in Dodging
  4373 | D:5      | Entered Level 5 of the Dungeon
  4389 | D:5      | Found a hide-covered altar of Uskayaw.
  4544 | D:5      | Noticed Eustachio
  4575 | D:5      | Killed Eustachio
  4742 | D:5      | Noticed Dowan
  4744 | D:5      | Noticed Duvessa
  4767 | D:5      | Killed Duvessa
  4768 | D:5      | Reached skill level 6 in Dodging
  4778 | D:5      | Killed Dowan
  4842 | D:5      | Reached XP level 9. HP: 55/55 MP: 9/9
  4876 | D:5      | Found a sand-covered staircase.
  4884 | Ossuary  | Entered an ossuary
  4927 | Ossuary  | Reached ** piety under Dithmenos
  5277 | D:5      | Reached skill level 7 in Dodging
  5510 | D:6      | Found an iron altar of Okawaru.
  5852 | D:6      | Found an ancient bone altar of Kikubaaqudgha.
  6140 | D:6      | Found an ornate altar of the Wu Jian Council.
  6237 | D:7      | Reached XP level 10. HP: 58/63 MP: 10/10
  6248 | D:7      | Reached skill level 8 in Dodging
  6258 | D:6      | Reached *** piety under Dithmenos
  6324 | D:7      | Reached skill level 5 in Long Blades
  6363 | D:7      | Noticed Prince Ribbit
  6380 | D:7      | Killed Prince Ribbit
  6523 | D:7      | You fall into a shaft and drop 1 floor!
  6721 | D:8      | Found a glowing golden altar of the Shining One.
  7277 | D:7      | Reached skill level 9 in Dodging
  7419 | D:7      | Reached **** piety under Dithmenos
  7812 | D:8      | Found a burning altar of Makhleb.
  7886 | D:8      | Noticed Maggie
  7907 | D:8      | Killed Maggie
  8488 | D:9      | Reached XP level 11. HP: 69/71 MP: 11/11
  8597 | D:9      | Noticed Grum
  8608 | D:9      | Killed Grum
  8608 | D:9      | Reached ***** piety under Dithmenos
  8609 | D:9      | Reached skill level 10 in Dodging
  9452 | D:10     | Entered Level 10 of the Dungeon
  9474 | D:10     | Noticed a two-headed ogre
  9482 | D:10     | Killed a two-headed ogre
  9483 | D:10     | Reached skill level 1 in Shields
  9502 | D:10     | Found a staircase to the Lair.
  9502 | D:10     | Noticed an oklob plant
  9502 | D:10     | Noticed an oklob plant
  9511 | D:10     | Killed an oklob plant
  9533 | D:10     | Killed an oklob plant
  9716 | D:10     | Found a sacrificial altar of Ru.
  9794 | D:10     | Reached skill level 10 in Fighting
  9935 | D:10     | Noticed Urug
  9938 | D:10     | Reached skill level 2 in Shields
  9939 | D:10     | Urug changed into Urug the komodo dragon
  9939 | D:10     | Noticed Urug
  9952 | D:10     | Killed Urug the komodo dragon
 10516 | Lair:1   | Entered Level 1 of the Lair of Beasts
 10555 | Lair:1   | Reached skill level 11 in Dodging
 10632 | Lair:1   | Reached XP level 12. HP: 73/78 MP: 12/12
 11217 | Lair:1   | Reached skill level 12 in Dodging
 11217 | Lair:1   | Reached skill level 10 in Stealth
 12064 | Lair:2   | Reached XP level 13. HP: 70/84 MP: 13/13
 12094 | Lair:2   | Noticed Gastronok
 12133 | Lair:2   | Killed Gastronok
 12134 | Lair:2   | Reached skill level 13 in Dodging
 12310 | Lair:2   | Noticed a seven-headed hydra
 12343 | Lair:2   | Gained mutation: You have sharp toenails. [potion of
                  | mutation]
 12343 | Lair:2   | Gained mutation: You are agile. (Dex +4, Str/Int -1)
                  | [potion of mutation]
 12343 | Lair:2   | Gained mutation: Your spells are a little harder to cast,
                  | but a little more powerful. [potion of mutation]
 12343 | Lair:2   | Gained mutation: You have supernaturally acute eyesight.
                  | (SInv) [potion of mutation]
 12352 | Lair:2   | Killed a seven-headed hydra
 12364 | Lair:2   | HP: 11/84 [rime drake/icy flash freeze (25)]
 12545 | Lair:2   | Reached skill level 5 in Shields
 13343 | Lair:2   | Noticed Nergalle
 13353 | Lair:2   | Killed Nergalle
 13639 | Lair:3   | Reached skill level 14 in Dodging
 13872 | Lair:3   | Found a transporter.
 13903 | Lair:3   | Found a transporter.
 14049 | Lair:3   | Reached ****** piety under Dithmenos
 14142 | Lair:3   | Reached skill level 12 in Stealth
 14346 | Lair:3   | Reached skill level 12 in Fighting
 14699 | Lair:3   | Found a hole to the Spider Nest.
 14744 | Lair:3   | Reached XP level 14. HP: 92/92 MP: 14/14
 14988 | Lair:3   | Found a staircase to the Shoals.
 16398 | Lair:5   | Entered Level 5 of the Lair of Beasts
 16426 | Lair:4   | Reached skill level 15 in Dodging
 16492 | Lair:5   | Found a transporter.
 16640 | Lair:5   | Found a transporter.
 16913 | Lair:5   | Found a viscous altar of Jiyva.
 16914 | Lair:5   | Found a staircase to the Slime Pits.
 17514 | Lair:5   | HP: 13/92 [five-headed hydra (8)]
 17949 | Lair:5   | Found a runed translucent door.
 18018 | Lair:5   | Reached skill level 16 in Dodging
 18240 | Lair:5   | Identified the +2 chain mail "Tecaukh" {rC+++ Will- Int+6
                  | Stlth+}
 18716 | Lair:5   | Reached XP level 15. HP: 97/98 MP: 15/15
 18774 | Lair:5   | HP: 7/98 [rime drake/icy flash freeze (23)]
 20541 | D:11     | Found Wafrohell's Pet Rocks.
 20758 | D:12     | Reached skill level 14 in Stealth
 20985 | D:12     | Found a staircase to the Orcish Mines.
 21905 | Orc:1    | Entered Level 1 of the Orcish Mines
 22408 | Orc:1    | Reached skill level 17 in Dodging
 22614 | Orc:2    | Entered Level 2 of the Orcish Mines
 22712 | Orc:2    | Found a staircase to the Elven Halls.
 22715 | Orc:2    | Reached skill level 10 in Long Blades
 23217 | Orc:2    | Reached skill level 1 in Spellcasting
 23285 | Orc:2    | Reached skill level 2 in Spellcasting
 23578 | Orc:2    | Found Wym Xya's Weapon Shoppe.
 23578 | Orc:2    | Found Tecoll's Weapon Boutique.
 23579 | Orc:2    | Found Rothrogi's Jewellery Boutique.
 23579 | Orc:2    | Found Zughihyp's Magic Scroll Emporium.
 23645 | Orc:2    | Bought a scroll of blinking for 90 gold pieces
 23782 | Orc:2    | Noticed an orc warlord
 23831 | Orc:2    | Killed an orc warlord
 23832 | Orc:2    | Reached XP level 16. HP: 50/105 MP: 18/20
 24433 | Orc:2    | Bought an amulet of reflection for 450 gold pieces
 24595 | D:13     | Reached skill level 18 in Dodging
 24628 | D:13     | Found a gate to the Vaults.
 24684 | D:13     | Reached skill level 14 in Fighting
 25180 | D:13     | Noticed Sonja
 25184 | D:13     | Killed Sonja
 25328 | D:13     | Found Xugiahup's General Store.
 27093 | D:15     | Entered Level 15 of the Dungeon
 27118 | D:15     | Found a frozen archway.
 27120 | D:15     | Reached skill level 19 in Dodging
 27125 | IceCv    | Entered an ice cave
 27148 | IceCv    | Reached skill level 5 in Spellcasting
 27372 | IceCv    | HP: 14/107 [ironbound frostheart/creeping frost (19)]
 28102 | IceCv    | Reached XP level 17. HP: 100/112 MP: 25/25
 28565 | IceCv    | Noticed a shard shrike
 28578 | IceCv    | HP: 23/168 [ironbound frostheart/creeping frost (3)]
 28583 | IceCv    | HP: 8/112 [ironbound frostheart/creeping frost (7)]
 28839 | IceCv    | HP: 10/93 [ironbound frostheart/creeping frost (5)]
 28843 | IceCv    | Killed from afar by an ironbound frostheart

Illustrated notes

Levels and vault maps discovered:
D:1:      amcnicky_arrival_feature_with_door, layout_basic, minmay_statues_item,
          minmay_heptomino_w4
D:2:      minmay_skewed_foursquare, layout_rooms
D:3:      layout_basic, lemuel_doored_altar, mainiacjoe_overflow_alcove_2,
          grunt_gozag_breadcrumbs, kennysheep_minor_cross,
          minmay_close_crescents
D:4:      layout_loops_ring, minmay_temple_entry_wispy, gup_sewer_entry_bubbles,
          grunt_ministairs_13, minmay_box_of_dots
D:5:      cheibrodos_barr_body, layout_rooms, eat_drink_and_be_merry_uskayaw,
          nicolae_ossuary_entry_ruins, chequers_serial_rivers_micro_e,
          uniq_eustachio, uniq_duvessa
D:6:      layout_basic, mainiacjoe_overflow_catwalk, nzn_wu_jian_council_hall,
          kiku_gazebo_pond_becter, dreamdust_princess_corridor
D:7:      layout_cave_pods, uniq_prince_ribbit1
D:8:      layout_cave_pods, nicolae_tso_besieged_by_evil,
          mainiacjoe_overflow_tiny_flanked, serial_bayou_crossing, uniq_maggie
D:9:      layout_long_grid, uniq_grum
D:10:     layout_stronghold, nicolae_ru_path_of_blood, dpeg_oklobed_lair,
          minmay_misc_feat_tiny, uniq_urug
D:11:     layout_grid_maze, guppyfry_shop_earth
D:12:     layout_stronghold, erik_orc_3
D:13:     layout_layer_cave, erik_vaults_2, serial_shops,
          nicolae_shop_statue_plus, uniq_sonja
D:14:     layout_long_grid, serial_bayou_shore_a, corexii_leaking_fountain
D:15:     grunt_enter_depths_snipers, layout_irregular_city,
          kennysheep_pointless_box, enter_trove_3,
          portal_ice_cave_entry_ice_simulacra, zin_scriptorium
Temple:   nicolae_temple_panitentiary
Lair:1:   layout_loops_ring, beast_lair_carwin_5, grunt_megastairs_1
Lair:2:   beast_lair_carwin_large_4, layout_small_grid,
          bobbens_dragon_lair_wall, uniq_nergalle, uniq_gastronok
Lair:3:   layout_long_grid, elwin_shoals_entry_rooms, dummy_spider_entry,
          nzn_ghost_randoct, serial_bayou_shore_b, infiniplex_staircase_pool_2
Lair:4:   layout_gridlike
Lair:5:   wormcave, layout_layer_cave, guppyfry_lair_end_dragon,
          minmay_slime_entry_pillars, gammafunk_ghost_wrathful_warriors,
          lemuel_fruit_tree
Orc:1:    layout_caves, basic_altar
Orc:2:    st_orc_ogre_mass, layout_diamond_mine
IceCv:    ice_cave_caverns_02

Skill      XL: |  1  2  3  4  5  6  7  8  9 10 11 12 13 14 15 16 17 |
---------------+----------------------------------------------------+-----
Short Blades   | 3 4 |  4.6
Dodging        | 2 3 4 6 7 9 11 12 14 16 17 19 | 19.7
Throwing       | 3 4 5 6 7 |  7.0
Fighting       | 3 4 6 7 9 10 11 12 13 14 | 14.9
Long Blades    | 1 2 3 4 6 7 8 9 10 11 | 11.2
Stealth        | 6 9 10 12 13 14 | 14.4
Shields        | 2 4 5 6 7 |  7.4
Spellcasting   | 2 5 6 |  6.0

Action                   |  1- 3 |  4- 6 |  7- 9 | 10-12 | 13-15 | 16-18 || total
-------------------------+-------+-------+-------+-------+-------+-------++-------
Melee: Dagger            |    95 |    88 |       |     1 |   160 |    36 ||   380
       Punch             |     1 |     3 |     4 |     2 |       |       ||    10
       Scimitar          |       |    72 |   358 |   770 |  1188 |   649 ||  3037
Throw: Dart              |    20 |    14 |    18 |     4 |     1 |       ||    57
Invok: Shadow Form       |       |       |       |       |       |     1 ||     1
Evoke: Wand              |       |       |     4 |     4 |    13 |     6 ||    27
       Condenser vane    |       |       |       |       |       |     2 ||     2
       Box of beasts     |       |       |       |       |       |     1 ||     1
       Phantom mirror    |       |       |       |       |       |     1 ||     1
  Use: Scroll            |     3 |       |     7 |     8 |    10 |     6 ||    34
       Potion            |     1 |       |     1 |       |    11 |    10 ||    23
 Stab: Sleeping          |    18 |    16 |    30 |    24 |    63 |    26 ||   177
       Distracted        |       |       |     4 |     3 |    13 |     4 ||    24
       Paralysed         |       |       |       |       |     1 |       ||     1
Armor: Robe              |    20 |       |       |       |       |       ||    20
       Ring mail         |       |    62 |   143 |    34 |       |       ||   239
       Acid dragon scale |       |       |       |    21 |       |       ||    21
       Troll leather arm |       |       |       |   133 |    43 |       ||   176
       Steam dragon scal |       |       |       |       |   143 |    68 ||   211
       Skin              |       |       |       |       |    18 |       ||    18
Dodge: Dodged            |    66 |    97 |   325 |  1043 |  1642 |   658 ||  3831
Block: Kite shield       |       |       |       |   428 |  1252 |   686 ||  2366
       Reflection        |       |       |       |       |       |    25 ||    25

Table legend: (Time is in decaauts)
 A = Elapsed time spent in this place.
 B = Non-inter-level travel time spent in this place.
 C = Inter-level travel time spent in this place.
 D = Time resting spent in this place.
 E = Time spent auto-exploring this place.
 F = Levels seen in this place.
 G = Mean time per level.
                   A        B        C        D        E       F      G
               +--------+--------+--------+--------+--------+-----+--------+
         Total |  29423 |  27895 |   1528 |   2230 |  18343 |  26 | 1131.7 |
       Dungeon |  15782 |  15004 |    778 |    436 |  11237 |  15 | 1052.1 |
        Temple |    197 |    178 |     19 |      0 |    167 |   1 |  197.0 |
          Lair |   9011 |   8511 |    500 |    920 |   5108 |   5 | 1802.2 |
  Orcish Mines |   2276 |   2046 |    230 |    237 |   1228 |   2 | 1138.0 |
         Sewer |    261 |    261 |      0 |      0 |    185 |   1 |  261.0 |
       Ossuary |    146 |    146 |      0 |      0 |      0 |   1 |  146.0 |
      Ice Cave |   1746 |   1746 |      0 |    636 |    416 |   1 | 1746.0 |
               +--------+--------+--------+--------+--------+-----+--------+

Top non-repeatable levels by time:
  Lair:5: 2990 daAuts
   Orc:2: 1813 daAuts
  Lair:2: 1775 daAuts
   IceCv: 1746 daAuts
  Lair:3: 1697 daAuts
    D:12: 1565 daAuts
    D:13: 1562 daAuts
  Lair:4: 1290 daAuts
    D:11: 1260 daAuts
  Lair:1: 1257 daAuts
     D:3: 1164 daAuts
     D:8: 1161 daAuts
    D:10: 1152 daAuts
     D:7: 1125 daAuts
     D:4: 1065 daAuts
